 Dungeon Crawl Stone Soup version 0.30-a0-4-ga7cffc901d (webtiles) character file.

Game seed: 6688166105571465422

487 Newt the Cutter (level 6, 0/44 HPs)
             Began as a Demonspawn Gladiator on Aug 21, 2022.
             Killed by divine providence
             ... invoked by an orc priest
              (9 damage)
             ... on level 5 of the Dungeon.
             The game lasted 00:08:04 (5383 turns).

Newt the Cutter (Demonspawn Gladiator)              Turns: 5383, Time: 00:08:05

Health: 0/44       AC:  7    Str: 17    XL:     6   Next: 89%
Magic:  6/6        EV: 12    Int:  9    God:
Gold:   188        SH:  5    Dex: 14    Spells: 5/5 levels left

rFire   . . .      SeeInvis .    a - +1 rapier
rCold   . . .      Faith    .    y - +0 buckler
rNeg    . . .      Spirit   .    v - +0 leather armour
rPois   .          Reflect  .    (helmet restricted)
rElec   .          Harm     .    g - +1 cloak
rCorr   .          Rampage  .    (no gloves)
Will    .....                    (no boots)
Stlth   ++........               (no amulet)
HPRegen 0.14/turn                (no ring)
MPRegen 0.10/turn                (no ring)

@: no status effects
A: antennae 1, molten scales 1, foul stench 1
a: no special abilities


You were on level 5 of the Dungeon.
You visited 1 branch of the dungeon, and saw 5 of its levels.

You collected 188 gold pieces.

Inventory:

Hand Weapons
 a - a +1 rapier (weapon)
 b - a +0 sling
 C - a +0 hand axe of flaming
Missiles
 d - a throwing net (quivered)
 e - a javelin
 f - 39 stones
 t - 7 boomerangs
 w - 5 poisoned darts
Armour
 c - a +0 helmet
 g - a +1 cloak (worn)
 h - a +0 chain mail
 v - a +0 leather armour (worn)
 y - a +0 buckler (worn)
Jewellery
 D - an amulet of faith
Wands
 m - a wand of acid (5)
 A - a wand of roots (8)
 B - a wand of charming (6)
Scrolls
 i - a scroll of blinking
 j - 2 scrolls of teleportation
 n - a scroll of silence {unknown}
 p - 3 scrolls of fear
 q - 3 scrolls of enchant armour
Potions
 k - 3 potions of lignification
 l - a potion of mutation
 o - a potion of flight {unknown}
 r - a potion of curing {unknown}
 s - a potion of might {unknown}
 u - 2 potions of haste {unknown}
 x - a potion of magic {unknown}
 z - 2 potions of heal wounds


   Skills:
 - Level 2.0 Fighting
 - Level 4.0 Short Blades
 + Level 2.8 Axes
 - Level 1.7 Throwing
 - Level 4.0 Dodging
 - Level 2.0 Stealth
 - Level 3.2 Shields


You had 5 spell levels left.
You didn't know any spells.
Your spell library contained the following spells:

 Spells                   Type           Power      Damage    Failure   Level
 Ignite Poison            Fire/Tmut/Pois 0%         N/A       89%         3
 Mephitic Cloud           Conj/Pois/Air  0%         N/A       89%         3
 Stone Arrow              Conj/Erth      0%         3d7       89%         3
 Animate Armour           Summ/Erth      0%         N/A       100%        4
 Freezing Cloud           Conj/Ice/Air   0%         6-21      100%        5
 Lehudib's Crystal Spear  Conj/Erth      0%         10d2      100%        8


Dungeon Overview and Level Annotations

Branches:
Dungeon (5/15)
 Temple: D:4-7

Altars:
Kikubaaqudgha
Makhleb


Innate Abilities, Weirdness & Mutations

You have a pair of small antennae on your head.
You are partially covered in molten scales. (AC +2)
You may rarely emit foul miasma when damaged in melee.


Message History

The orc priest is moderately wounded.
The orc priest barely misses you.
You hit the orc priest but do no damage.
The orc priest is moderately wounded.
The orc priest hits you with a +0 mace.
You barely miss the orc priest.
The orc priest is moderately wounded.
The orc priest invokes the aid of Beogh against you.
Pain shoots through your body!
You hit the orc priest.
The orc priest is severely wounded.
The orc priest invokes the aid of Beogh against you.
You barely resist. You closely miss the orc priest.
The orc priest is severely wounded.
You block the orc priest's attack.
You hit the orc priest.
The orc priest is severely wounded.
The orc priest hits you with a +0 mace.
The orc priest calls down the wrath of Beogh upon you.
Beogh smites you!
* * * LOW HITPOINT WARNING * * *
You are too injured to fight recklessly!
You are too injured to fight recklessly!
Unknown command.
Throw: 2 throwing nets
Press: ? - help, Shift-Dir - straight line, f - orc priest
Aim: an orc priest, wielding a +0 mace and wearing a +0 ring mail (severely wounded, 63% to hit)
You throw a throwing net. The throwing net hits the orc priest.
The orc priest is caught in the net!
The orc priest is severely wounded.
You hit the orc priest but do no damage.
The orc priest is severely wounded.
The orc priest struggles against the net.
You hit the orc priest but do no damage.
The orc priest is severely wounded.
The orc priest struggles against the net.
The orc priest invokes the aid of Beogh against you.
Beogh smites you!
You die...

#####
########...#
...........#
.........(.#
#..........#
#......$...#
...........#
.......@...#
.......o.<[#
#########'##
.... .......
........#
.........#
..........#
...........#


You could see an orc priest (caught).

Vanquished Creatures
  A black bear (D:4)
  An ice beast (D:4)
  An ogre (D:4)
  2 orc priests (D:4)
  3 orc wizards (D:4)
  3 adders
  A white imp (D:3)
  A worm (D:4)
  A dart slug (D:2)
  5 orcs (D:4)
  A bat (D:1)
  3 endoplasms
  A giant cockroach (D:2)
  3 goblins
  4 hobgoblins
  A quokka (D:2)
  5 ball pythons
  4 frilled lizards
  7 kobolds
  4 rats
52 creatures vanquished.

Notes
Turn   | Place    | Note
-------+----------+-------------------------------------------
     0 | D:1      | Newt the Demonspawn Gladiator began the quest for the Orb.
     0 | D:1      | Reached XP level 1. HP: 16/16 MP: 1/1
   203 | D:1      | Reached skill level 1 in Stealth
   339 | D:1      | Found a faded altar of an unknown god.
   543 | D:1      | Gained mutation: You may rarely emit foul miasma when
                  | damaged in melee. [demonic ancestry]
   543 | D:1      | Reached XP level 2. HP: 22/22 MP: 2/2
  1402 | D:2      | Gained mutation: You have a pair of small antennae on your
                  | head. [demonic ancestry]
  1402 | D:2      | Reached XP level 3. HP: 23/27 MP: 3/3
  3190 | D:4      | Noticed a black bear
  3206 | D:4      | Killed a black bear
  3207 | D:4      | Reached XP level 4. HP: 20/33 MP: 4/4
  3207 | D:4      | Gained mutation: You are partially covered in molten
                  | scales. (AC +2) [demonic ancestry]
  3207 | D:4      | Reached XP level 5. HP: 23/38 MP: 5/5
  3601 | D:4      | Found an ancient bone altar of Kikubaaqudgha.
  4033 | D:4      | Noticed an ice beast
  4055 | D:4      | Killed an ice beast
  4056 | D:4      | Reached XP level 6. HP: 7/44 MP: 6/6
  4605 | D:4      | Reached skill level 1 in Axes
  4952 | D:4      | Found a burning altar of Makhleb.
  5018 | D:5      | Entered Level 5 of the Dungeon
  5383 | D:5      | Killed from afar by an orc priest

Illustrated notes

Levels and vault maps discovered:
D:1:      shiori_shiawase, layout_basic, shapermc_ecumenical_altar_acropolis,
          minmay_pentomino_v4
D:2:      layout_loops_ring
D:3:      layout_basic, minivault_25
D:4:      layout_basic, elyvilon_altar_5, lemuel_doored_altar,
          lightli_temple_of_fire
D:5:      layout_gridville, mainiacjoe_overflow_large_starburst

Skill      XL: |  1  2  3  4  5  6 |
---------------+-------------------+-----
Stealth        | 1 2 |  2.0
Short Blades   | 3 4 |  4.0
Shields        | 2 3 |  3.2
Dodging        | 3 4 |  4.0
Axes           | 2 |  2.8
Fighting       | |  2.0
Throwing       | |  1.7

Action                   |  1- 3 |  4- 6 || total
-------------------------+-------+-------++-------
Melee: Rapier            |   101 |   116 ||   217
       Punch             |     2 |       ||     2
 Fire: Sling             |    25 |       ||    25
Throw: Throwing net      |     1 |     4 ||     5
       Dart              |       |     5 ||     5
  Use: Scroll            |    13 |       ||    13
 Stab: Distracted        |     1 |     1 ||     2
Armor: Leather armour    |    25 |    38 ||    63
Dodge: Dodged            |    68 |    39 ||   107
Block: Buckler           |     2 |    15 ||    17

Table legend: (Time is in decaauts)
 A = Elapsed time spent in this place.
 B = Non-inter-level travel time spent in this place.
 C = Inter-level travel time spent in this place.
 D = Time resting spent in this place.
 E = Time spent auto-exploring this place.
 F = Levels seen in this place.
 G = Mean time per level.
                   A        B        C        D        E       F      G
               +--------+--------+--------+--------+--------+-----+--------+
         Total |   5399 |   5271 |    128 |   1238 |   3414 |   5 | 1079.8 |
       Dungeon |   5399 |   5271 |    128 |   1238 |   3414 |   5 | 1079.8 |
               +--------+--------+--------+--------+--------+-----+--------+

Top non-repeatable levels by time:
     D:4: 2186 daAuts
     D:2: 1241 daAuts
     D:3: 1094 daAuts
     D:1: 839 daAuts
     D:5: 36 daAuts
